 Dungeon Crawl Stone Soup version 0.29.1-4-g47bece8355 (webtiles) character file.

Game seed: 5492073196042020787

520 Mitcholas the Magician (level 7, -5/54 HPs)
             Began as a Djinni Conjurer on Dec 2, 2022.
             Was an Initiate of Makhleb.
             Slain by an ice beast (15 damage)
             ... on level 5 of the Dungeon.
             The game lasted 00:12:53 (4753 turns).

Mitcholas the Magician (Djinni Conjurer)            Turns: 4753, Time: 00:12:53

Health: -5/54      AC:  4    Str:  6    XL:     7   Next: 45%
Gold:   183        EV: 12    Int: 21    God:    Makhleb [......] SH:  0 Dex: 12

rFire   + + .      SeeInvis .   e - +0 whip
rCold   x . .      Faith    .   (no shield)
rNeg    . . .      Spirit   .   a - +0 robe
rPois   ∞          Reflect  .   (no helmet)
rElec   .          Harm     .   b - +0 cloak
rCorr   .          Rampage  .   y - +0 pair of gloves
Will    .....                   (boots unavailable)
Stlth   ++........              (no amulet)
HPRegen 0.18/turn               (no ring)
MPRegen 0.00/turn               (no ring)

@: flying, very slightly contaminated
A: sickness immunity, fire resistance 2, cold vulnerability 1, float, innate
caster, HP casting, extra vitality 1
a: Renounce Religion


You were on level 5 of the Dungeon.
You worshipped Makhleb.
Makhleb was noncommittal.
You visited 2 branches of the dungeon, and saw 6 of its levels.

You collected 183 gold pieces.

Inventory:

Hand Weapons
 e - a +0 whip (weapon)
Armour
 a - a +0 robe (worn)
 b - a +0 cloak (worn)
 i - a +0 leather armour
 y - a +0 pair of gloves (worn)
Wands
 x - a wand of acid (4)
Scrolls
 f - 4 scrolls of poison {unknown}
 g - 2 scrolls of enchant armour {unknown}
 h - a scroll of silence {unknown}
 j - 2 scrolls of identify {unknown}
 n - a scroll of summoning {unknown}
 o - 3 scrolls of fog {unknown}
 p - 3 scrolls of amnesia {unknown}
 r - 3 scrolls of magic mapping {unknown}
 s - 2 scrolls of teleportation {unknown}
 u - a scroll of blinking {unknown}
 w - a scroll of fear {unknown}
Potions
 c - a potion of mutation {unknown}
 d - 4 potions of might {unknown}
 k - a potion of magic {unknown}
 l - a potion of heal wounds {unknown}
 m - a potion of cancellation {unknown}
 q - 3 potions of curing {unknown}
 t - 2 potions of brilliance {unknown}
 v - 2 potions of flight {unknown}


   Skills:
 + Level 5.0 Fighting
 - Level 2.1 Dodging
 - Level 1.5 Stealth
 + Level 5.2 Spellcasting


You couldn't memorise any spells.
You knew the following spells:

 Your Spells              Type           Power      Damage    Failure   Level
a - Magic Dart            Conj           100%       1d8       1%          1
b - Searing Ray           Conj           54%        2d6       1%          2
c - Dazzling Flash        Conj/Hex       54%        N/A       3%          3
d - Fulminant Prism       Conj/Hex       13%        3d9       12%         4
e - Iskenderun's Mystic   Conj/Tloc      27%        2d7       12%         4
f - Slow                  Hex            100%       N/A       1%          1
g - Ensorcelled Hibernat  Hex/Ice        54%        N/A       1%          2
h - Conjure Flame         Conj/Fire      27%        6-21      3%          3
Your spell library was empty.

Dungeon Overview and Level Annotations

Branches:
Dungeon (5/15)             Temple (1/1) D:4

Altars:
Cheibriados
Elyvilon
Fedhas
Hepliaklqana
Makhleb
Qazlal
Trog
Uskayaw
Xom
Yredelemnul

Shops:
D:1 =   D:4 (


Innate Abilities, Weirdness & Mutations

You are immune to sickness and miasma.
You are immune to poison.
Your flesh is very heat resistant. (rF++)
You are vulnerable to cold. (rC-)
You float through the air rather than walking.
You learn spells naturally, not from books.
Your magical power is your life essence.
You have superior vitality. (+4 MHP)


Message History

Aim: an ice beast (lightly wounded, 79% to hit)
The searing ray hits the ice beast.
The ice beast is moderately wounded. (Press . to maintain the ray.)
The searing ray hits the ice beast.
The ice beast is moderately wounded.
The searing ray hits the ice beast but does no damage.
The ice beast is moderately wounded.
The searing ray misses the ice beast.
You finish channelling your searing ray.
The ice beast hits you but does no damage.
Casting: Searing Ray (safe; 1% risk of failure)
Confirm with . or Enter, or press ? or * to list all spells.
You miscast Iskenderun's Mystic Blast.
You are very lightly contaminated with residual magic.
You are caught in a violent explosion!
The ice beast barely misses you.
Unknown command.
Casting: Iskenderun's Mystic Blast (dangerous; 12% risk of failure)
Confirm with . or Enter, or press ? or * to list all spells.
You erupt in a blast of force!
The mystic blast hits the ice beast but does no damage.
The ice beast is moderately wounded.
The ice beast barely misses you.
Unknown command.
Casting: Iskenderun's Mystic Blast (dangerous; 12% risk of failure)
Confirm with . or Enter, or press ? or * to list all spells.
You erupt in a blast of force!
The mystic blast hits the ice beast.
The ice beast is heavily wounded.
The ice beast closely misses you.
Unknown command.
Casting: Iskenderun's Mystic Blast (dangerous; 12% risk of failure)
Confirm with . or Enter, or press ? or * to list all spells.
You erupt in a blast of force!
The mystic blast hits the ice beast but does no damage.
The ice beast is heavily wounded.
* * * LOW HITPOINT WARNING * * *
The ice beast hits you.
* * * LOW HITPOINT WARNING * * *
The ice beast freezes you!
You feel a terrible chill!
You die...

...........## ..
............# ... #.#
#.......# ..##.##.#
#.......###
.......####........#
.).........#....##.# .#
!....#.....#.##.##.#
..........Y...#.##....#
#...##.#.@...#.####..#
#...##.#.....#.####..#
# #..†...#####.......#
#.#.##.### ##.####.##
#......# ##.^.###.#
####.#### #........#
#.....<.# ##...#####
#.##.##.# ##.## #
#.##.#######.#


You could see an ice beast.

Vanquished Creatures
  Menkaure (D:4)
  A necrophage (D:4)
  A scorpion (D:5)
  An iguana (D:4)
  2 orc wizards (D:4)
  A hound skeleton (D:4)
  An adder (D:4)
  8 gnolls
  A white imp (D:4)
  An ufetubus (D:5)
  3 worms
  3 dart slugs
  12 orcs
  5 endoplasms
  4 giant cockroaches
  5 goblins
  4 hobgoblins
  3 kobolds
  A quokka (D:3)
  6 ball pythons
  8 bats
  A frilled lizard (D:1)
  10 rats
83 creatures vanquished.

Notes
Turn   | Place    | Note
-------+----------+-------------------------------------------
     0 | D:1      | Mitcholas the Djinni Conjurer began the quest for the Orb.
     0 | D:1      | Mitcholas set off with the following spells memorised:
                  | Magic Dart, Searing Ray, Dazzling Flash, Fulminant Prism,
                  | Iskenderun's Mystic Blast.
     0 | D:1      | Reached XP level 1. HP: 15/15 MP: 0/0
    60 | D:1      | Found Dyepatzo's One-of-a-Kind Rings.
   347 | D:1      | Reached skill level 1 in Fighting
   347 | D:1      | Reached XP level 2. HP: 18/22 MP: 0/0
  1062 | D:2      | Found a faded altar of an unknown god.
  1161 | D:2      | Reached XP level 3. HP: 25/27 MP: 0/0
  1161 | D:2      | Learned a level 1 spell: Slow
  1219 | D:2      | Reached XP level 4. HP: 16/34 MP: 0/0
  1908 | D:3      | Reached XP level 5. HP: 30/40 MP: 0/0
  1908 | D:3      | Learned a level 2 spell: Ensorcelled Hibernation
  3448 | D:4      | Reached XP level 6. HP: 41/47 MP: 0/0
  3622 | D:4      | Found a staircase to the Ecumenical Temple.
  3639 | Temple   | Entered the Ecumenical Temple
  3831 | D:4      | Found Ureyluc's Weapon Shop.
  4035 | D:4      | Noticed Menkaure
  4043 | D:4      | Killed Menkaure
  4044 | D:4      | Reached XP level 7. HP: 44/53 MP: 0/0
  4044 | D:4      | Learned a level 3 spell: Conjure Flame
  4154 | D:4      | Found a blossoming altar of Fedhas.
  4409 | D:4      | Found a burning altar of Makhleb.
  4419 | D:4      | Reached skill level 5 in Spellcasting
  4423 | D:4      | Became a worshipper of Makhleb the Destroyer
  4586 | D:5      | Entered Level 5 of the Dungeon
  4663 | D:5      | Reached skill level 5 in Fighting
  4753 | D:5      | Slain by an ice beast

Illustrated notes

Levels and vault maps discovered:
D:1:      dpeg_arrival_castle, layout_loops_ring, nicolae_shop_unique_rings
D:2:      layout_basic, shapermc_ecumenical_altar_pompeii,
          minmay_misc_feat_doors, chequers_serial_rivers_large_a
D:3:      layout_basic, st_stairs_10, kennysheep_generic_room_13
D:4:      layout_cave_pools, makhleb_blood_cavern_becter,
          mainiacjoe_overflow_small_starburst,
          minmay_temple_entry_drinking_statues, serial_shops,
          nicolae_square_shop, uniq_menkaure
D:5:      minmay_diamond_boxcup, layout_loops_cross, amcnicky_altar_gilded
Temple:   nicolae_temple_bog_church

Skill      XL: |  1  2  3  4  5  6  7 |
---------------+----------------------+-----
Fighting       | 1 2 3 4 5 |  5.0
Spellcasting   | 4 5 |  5.2
Dodging        | |  2.1
Stealth        | |  1.5

Action                   |  1- 3 |  4- 6 |  7- 9 || total
-------------------------+-------+-------+-------++-------
Melee: Whip              |       |     8 |       ||     8
 Cast: Magic Dart        |    32 |    99 |    15 ||   146
       Searing Ray       |     2 |    15 |     6 ||    23
       Ensorcelled Hiber |       |     1 |       ||     1
       Slow              |       |     1 |       ||     1
       Iskenderun's Myst |       |       |     3 ||     3
       Conjure Flame     |       |       |     1 ||     1
Armor: Robe              |       |     3 |     2 ||     5
Dodge: Dodged            |     2 |    12 |     6 ||    20
